 Dungeon Crawl Stone Soup version 0.27.1-34-g3ba077fa99 (webtiles) character file.

Game seed: 10106835875359219347

5384 Akaron the Basher (level 10, -2/103 HPs)
             Began as an Octopode Berserker on Jan 22, 2022.
             Was an Elder of Trog.
             Succumbed to a killer bee's poison
             ... on level 8 of the Dungeon.
             The game lasted 00:26:02 (8753 turns).

Akaron the Basher (Octopode Berserker)              Turns: 8753, Time: 00:26:03

Health: -2/103     AC:  5    Str: 17    XL:     10   Next: 66%
Magic:  10/10      EV: 16    Int:  9    God:    Trog [****..]
Gold:   576        SH: 10    Dex: 15    Spells: 9/9 levels left

rFire    . . .     SeeInvis .   z - +2 flail (protect)
rCold    . . .     Faith    .   j - +0 buckler
rNeg     . . .     Spirit   .   (helmet restricted)
rPois    .         Reflect  +   q - amulet of reflection
rElec    .         Harm     .   D - +4 ring of protection
rCorr    .         Rampage  .   (no ring)
Will     ++...                  (no ring)
Stlth    ..........             (no ring)
HPRegen  1.27/turn              (no ring)
MPRegen  0.12/turn              (no ring)
                                (no ring)
                                (no ring)

@: berserking (expiring), lethally poisoned (-2 -> -12), strong-willed,
regenerating, very quick
A: almost no armour, amphibious, 8 rings, camouflage 1, gelatinous body 1,
(nimble swimmer 1), tentacles
a: Renounce Religion, Berserk, Trog's Hand, Brothers in Arms


You were on level 8 of the Dungeon.
You worshipped Trog.
Trog was greatly pleased with you.
You visited 1 branch of the dungeon, and saw 8 of its levels.

You collected 576 gold pieces.

Inventory:

Hand Weapons
 s - a +0 glaive
 v - a +0 falchion of protection
 z - a +2 flail of protection (weapon)
 C - a +2 mace of protection
 F - the +6 hand axe "Newt's Foe" {freeze, Will+++}
   (You found it on level 7 of the Dungeon)

   It freezes those it strikes, dealing additional cold damage.
   It can also slow down cold-blooded creatures.
   Will:      It greatly increases your willpower.
 J - a +2 morningstar of protection
Missiles
 k - 58 poisoned darts (quivered)
Armour
 j - a +0 buckler (worn)
 p - a +0 tower shield
Jewellery
 q - an amulet of reflection (around mantle)
 D - a +4 ring of protection (left tentacle)
Wands
 u - a wand of flame (7)
 H - a wand of polymorph (9)
 I - a wand of digging (3)
Scrolls
 b - a scroll of torment {unknown}
 c - 2 scrolls of enchant armour {unknown}
 g - 3 scrolls of teleportation {unknown}
 h - 3 scrolls of silence
 l - 3 scrolls of fog
 r - a scroll of identify
 t - 2 scrolls of noise {unknown}
 A - a scroll of vulnerability {unknown}
 B - a scroll of immolation {unknown}
 E - a scroll of blinking {unknown}
 G - 2 scrolls of fear {unknown}
Potions
 a - a potion of flight {unknown}
 d - 2 potions of invisibility {unknown}
 e - 4 potions of lignification
 f - 2 potions of curing
 i - 2 potions of brilliance {unknown}
 m - 4 potions of heal wounds
 n - 2 potions of haste {unknown}
 o - a potion of might {unknown}
 w - a potion of attraction {unknown}
 x - a potion of cancellation {unknown}
Miscellaneous
 y - a piece from Xom's chessboard (15/15)


   Skills:
 + Level 6.9 Fighting
 + Level 3.1 Long Blades
 + Level 6.2(8.4) Axes
 + Level 8.8(9.7) Maces & Flails
 + Level 7.4 Dodging
 + Level 5.9 Shields


You had 9 spell levels left.
You didn't know any spells.
Your spell library was empty.

Dungeon Overview and Level Annotations

Branches:
Dungeon (8/15)             Temple (0/1) D:7
   Lair: D:8-11

Altars:
Nemelex Xobeh
Qazlal
Sif Muna
Xom

Shops:
D:6 *

Annotations:
D:8 3 runed translucent doors, DerDa's ghost, novice OpWz; crawlogic's ghost, novice FoFi


Innate Abilities, Weirdness & Mutations

You cannot wear most types of armour.
You are amphibious.
You can wear up to eight rings at the same time.
Your skin changes colour to match your surroundings (Stealth+).
Your rubbery body absorbs attacks. (AC +1, EV +1)
((You are camouflaged near water. (Stealth+)))
You have tentacles for arms and can constrict up to eight enemies at once.


Message History

* * * LOW HITPOINT WARNING * * *
You are more poisoned.
The killer bee poisons you!
A red film seems to cover your vision as you go berserk!
You feel yourself moving faster!
You feel mighty!
You constrict the killer bee.
You kill the killer bee!
Trog accepts your kill.
You feel very sick.
The killer bee stings you but does no damage.
The killer bee completely misses you. The killer bee closely misses you.
The killer bee misses you. The black bear completely misses you.
The black bear claws you.
* * * LOW HITPOINT WARNING * * *
The black bear closely misses you. You block the killer bee's attack.
The killer bee stings you!
* * * LOW HITPOINT WARNING * * *
You are more poisoned.
The killer bee poisons you! The killer bee barely misses you.
You are too berserk!
Save game and exit? [Y]es or [N]o only, please.
Save game and exit?
Level annotation: 3 runed translucent doors, DerDa's ghost, novice OpWz; crawlogic's ghost, novice FoFi Welcome back, Akaron the Octopode Berserker.
Trog says: Kill them all!
Press ? for a list of commands and other information.
You feel a strong urge to attack something.
* * * LOW HITPOINT WARNING * * *
You feel very sick.
You block the killer bee's attack. x2; The black bear misses you.
The black bear claws you.
* * * LOW HITPOINT WARNING * * *
The black bear claws you but does no damage.
The killer bee misses you.
* * * LOW HITPOINT WARNING * * *
You feel very sick.
You block the black bear's attack. x2; The black bear barely misses you.
You are too berserk!
You feel your anger nearly subside.
You die...

#.# .. #.# ####### ... ..W
###.#####.....#.... .....
#.............#.... .W...⌠
#..................
.....P####.........[........
+++####................?....
.....#####.......yhy†.......
.......(........@.yy.†......
...............#####........
....(..........# #........
.....>.........# #........
...............# #........
...............# #........
..........)#########..).....
.####.####[###....##........
.##.....##.[....#


You could see a black bear and 4 killer bees.

Vanquished Creatures
  A boulder beetle (D:6)
  2 two-headed ogres
  The ghost of dvd2 the Destroyer, a novice DECj of Vehumet (D:7)
  Eustachio (D:5)
  A water moccasin (D:6)
  Duvessa (D:4)
  2 ice beasts
  2 sky beasts
  2 orc warriors (D:8)
  A black bear (D:5)
  A centaur (D:7)
  2 ogres
  2 phantoms (D:5)
  5 scorpions
  A water moccasin zombie (D:5)
  Dowan (D:4)
  7 killer bees
  2 howler monkeys
  3 bullfrog zombies
  A centaur zombie (D:5)
  5 orc priests
  2 centaur skeletons
  2 hounds
  3 bullfrog skeletons (D:5)
  2 jellies (D:5)
  An orc wizard (D:4)
  Ijyb (D:5)
  3 iguanas
  2 killer bee zombies
  A hound zombie (D:5)
  4 gnolls (D:2)
  8 adders
  A white imp (D:7)
  2 worms
  7 dart slugs
  32 orcs
  7 endoplasms
  3 giant cockroaches
  5 goblins
  17 hobgoblins
  A jackal (D:4)
  4 quokkas
  9 ball pythons
  10 bats
  2 frilled lizards (D:3)
  9 kobolds
  6 rats
188 creatures vanquished.

Vanquished Creatures (others)
  A withered plant (D:8)
1 creature vanquished.

Grand Total: 189 creatures vanquished

Notes
Turn   | Place    | Note
-------+----------+-------------------------------------------
     0 | D:1      | Akaron the Octopode Berserker began the quest for the Orb.
     0 | D:1      | Reached XP level 1. HP: 16/16 MP: 1/1
    69 | D:1      | Found a faded altar of an unknown god.
   327 | D:1      | Reached XP level 2. HP: 21/21 MP: 2/2
   919 | D:1      | Reached XP level 3. HP: 22/26 MP: 3/3
  1773 | D:2      | Reached XP level 4. HP: 22/33 MP: 4/4
  2243 | D:2      | Reached ** piety under Trog
  2394 | D:2      | Reached XP level 5. HP: 37/37 MP: 5/5
  2417 | D:2      | You fall into a shaft and drop 1 floor!
  3778 | D:4      | Noticed Dowan
  3780 | D:4      | Noticed Duvessa
  3795 | D:4      | Killed Duvessa
  3796 | D:4      | Reached skill level 5 in Axes
  3796 | D:4      | Reached skill level 1 in Shields
  3796 | D:4      | Reached XP level 6. HP: 24/43 MP: 6/6
  3797 | D:4      | Killed Dowan
  3969 | D:4      | Reached XP level 7. HP: 15/49 MP: 7/7
  4586 | D:4      | Reached *** piety under Trog
  5024 | D:5      | Entered Level 5 of the Dungeon
  5034 | D:5      | Reached skill level 1 in Long Blades
  5098 | D:5      | Noticed a two-headed ogre
  5100 | D:5      | Noticed Ijyb
  5108 | D:5      | Reached XP level 8. HP: 49/54 MP: 8/8
  5116 | D:5      | Killed a two-headed ogre
  5117 | D:5      | Reached skill level 5 in Fighting
  5117 | D:5      | Reached skill level 3 in Maces & Flails
  5117 | D:5      | Reached skill level 5 in Dodging
  5131 | D:5      | Killed Ijyb
  5439 | D:5      | Noticed Eustachio
  5455 | D:5      | Killed Eustachio
  5456 | D:5      | Reached skill level 4 in Maces & Flails
  5456 | D:5      | Reached XP level 9. HP: 52/61 MP: 9/9
  5938 | D:5      | Found a shimmering blue altar of Sif Muna.
  6005 | D:5      | Reached skill level 5 in Maces & Flails
  6090 | D:5      | Found a stormy altar of Qazlal.
  6573 | D:6      | Reached skill level 6 in Maces & Flails
  6599 | D:6      | Noticed a boulder beetle
  6622 | D:6      | Killed a boulder beetle
  6623 | D:6      | Reached skill level 7 in Maces & Flails
  6623 | D:6      | Reached skill level 5 in Shields
  6623 | D:6      | Reached XP level 10. HP: 31/69 MP: 10/10
  6966 | D:6      | Found Badour's Assorted Antiques.
  7369 | D:7      | Reached **** piety under Trog
  7515 | D:7      | Found a runed translucent door.
  7516 | D:7      | Noticed dvd2's ghost (novice DECj)
  7523 | D:7      | Killed dvd2's ghost
  7561 | D:7      | Noticed a two-headed ogre
  7571 | D:7      | Killed a two-headed ogre
  7572 | D:7      | Reached skill level 8 in Maces & Flails
  7649 | D:7      | Identified the +6 hand axe "Newt's Foe" {freeze, Will+++}
  7700 | D:7      | Found a sparkling altar of Nemelex Xobeh.
  8115 | D:7      | Found a staircase to the Ecumenical Temple.
  8647 | D:8      | Found a shimmering altar of Xom.
  8718 | D:8      | Found a runed translucent gate.
  8718 | D:8      | Found a runed translucent gate.
  8718 | D:8      | Found a runed translucent gate.
  8723 | D:8      | Noticed crawlogic's ghost (novice FoFi)
  8723 | D:8      | Noticed DerDa's ghost (novice OpWz)
  8751 | D:8      | HP: 5/103 [poisoned by a killer bee]
  8752 | D:8      | HP: 1/103 [poisoned by a killer bee]
  8753 | D:8      | Succumbed to a killer bee's poison

Illustrated notes

Levels and vault maps discovered:
D:1:      shiori_arrival_maze, layout_basic,
          dreamdust_ecumenical_altar_angels_and_demons, st_stairs_3
D:2:      layout_loops_cross
D:3:      layout_basic, minmay_mini_jars
D:4:      minmay_recursive_quarters, layout_basic, uniq_duvessa
D:5:      minmay_opposing_rooms, layout_rooms, general_overflow_altar,
          lemuel_round_altar, uniq_ijyb, uniq_eustachio
D:6:      layout_gridville, serial_shops, nicolae_lakefront_shop,
          dk_rats_in_the_wall
D:7:      layout_basic, mainiacjoe_overflow_alcove_4,
          minmay_temple_entry_glassed_door, gammafunk_ghost_grave,
          grunt_ministairs_5, minivault_1
D:8:      layout_basic, old_standard_altar, gammafunk_ghost_cemetery

Skill      XL: |  1  2  3  4  5  6  7  8  9 10 |
---------------+-------------------------------+-----
Axes           | 4 5 6 |  6.2
Fighting       | 4 5 6 |  6.9
Dodging        | 4 6 7 |  7.4
Shields        | 1 2 4 5 |  5.9
Long Blades    | 1 3 |  3.1
Maces & Flails | 4 7 8 |  8.8

Action                   |  1- 3 |  4- 6 |  7- 9 | 10-12 || total
-------------------------+-------+-------+-------+-------++-------
Melee: Hand axe          |    60 |   101 |       |       ||   161
       Constrict         |    18 |    29 |    40 |    22 ||   109
       Tentacles         |    11 |    23 |    60 |    23 ||   117
       Falchion          |       |    10 |    39 |       ||    49
       Flail             |       |       |   169 |    98 ||   267
Invok: Berserk           |     1 |     2 |     2 |     2 ||     7
       Trog's Hand       |       |     3 |     1 |     1 ||     5
  Use: Scroll            |       |       |     1 |     3 ||     4
       Potion            |       |       |     2 |       ||     2
 Stab: Sleeping          |     6 |    12 |     5 |     2 ||    25
Armor: Skin              |     1 |     8 |    54 |    20 ||    83
Dodge: Dodged            |    44 |    56 |   122 |    95 ||   317
Block: Buckler           |     2 |    32 |   107 |    71 ||   212
       Reflection        |       |       |       |     4 ||     4
       Rpst.: Falchion   |       |     3 |     5 |       ||     8
